 Dungeon Crawl Stone Soup version 0.31-a0-149-g3fdcc5976a (webtiles) character file.

Game seed: 13968792881284971491

4813 qw the Skirmisher (level 10, 0/91 HPs)
             Began as a Minotaur Hunter on June 7, 2023.
             Was a Believer of Okawaru.
             Slain by a basilisk (6 damage)
             ... on level 8 of the Dungeon.
             The game lasted 00:03:15 (8539 turns).

qw the Skirmisher (Minotaur Hunter)                 Turns: 8539, Time: 00:03:15

Health: 0/91       AC:  8    Str: 16    XL:     10   Next: 24%
Magic:  11/12      EV: 10    Int:  6    God:    Okawaru [**....]
Gold:   119        SH:  0    Dex: 18    Spells: 9/9 levels left

rFire   . . .        h - +1 shortbow (heavy)
rCold   . . .        (shield currently unavailable)
rNeg    . . .        l - +1 robe {Will+}
rPois   .            (helmet restricted)
rElec   .            m - scarf {repulsion}
rCorr   .            (no gloves)
SInv    +            d - +0 pair of boots
Will    +....        (no amulet)
Stlth   +++          e - ring of see invisible
HPRegen 0.35/turn    o - +4 ring of protection
MPRegen 0.13/turn

%: repel missiles
@: heroic, petrifying, very slow
A: horns 2, retaliatory headbutt
a: Renounce Religion, Heroism


You were on level 8 of the Dungeon.
You worshipped Okawaru.
Okawaru was pleased with you.
You visited 1 branch of the dungeon, and saw 8 of its levels.

You collected 399 gold pieces.
You spent 280 gold pieces at shops.


Innate Abilities, Weirdness & Mutations

You have a pair of horns on your head.
You reflexively headbutt those who attack you in melee.


   Skills:
 - Level 9.2(14.2) Fighting
 + Level 13.0(18.0) Ranged Weapons
 - Level 1.5(6.5) Armour
 - Level 6.0(11.0) Dodging
 - Level 0.7(5.7) Stealth
 - Level 4.0 Invocations


You had 9 spell levels left.
You didn't know any spells.
Your spell library was empty.

Inventory:

Hand Weapons
 h - a +1 heavy shortbow (weapon)
Armour
 a - a +0 ring mail
 d - a +0 pair of boots (worn)
 l - a +1 robe of willpower (worn)
 m - a scarf of repulsion (worn)
Jewellery
 e - a ring of see invisible (left hand)
 k - a +6 ring of strength
 o - a +4 ring of protection (right hand)
 Y - a ring of protection from fire
Scrolls
 j - a scroll of identify
Potions
 f - a potion of haste
 i - a potion of might
 n - a potion of curing
 p - a potion of lignification {unknown}

Dungeon Overview and Level Annotations

Branches:
Dungeon (8/15)             Temple (0/1) D:7
   Lair: D:8-11

Altars:
Ashenzari
Dithmenos
Elyvilon
Fedhas
Okawaru
Sif Muna
Vehumet
Xom

Shops:
D:2 (   D:7 =

Annotations:
D:3 2 transporters, qw's ghost, amateur GrFi
D:4 3 runed translucent doors, qw's ghost, amateur GrFi; qw's ghost, amateur MiHu


Message History

You shoot an arrow. The arrow hits the yak!
The yak is heavily wounded.
The yak gores you. The yak gores you but does no damage.
The basilisk gazes at you. You resist with almost no effort.
You shoot an arrow.
The arrow hits the yak but does no damage.
The yak is heavily wounded.
The basilisk gazes at you. You resist with almost no effort.
The yak misses you. The yak completely misses you. You furiously retaliate!
You headbutt the yak! You shoot an arrow. The arrow hits the yak!
The yak is severely wounded.
The yak gores you! The yak completely misses you. The basilisk misses you.
You shoot an arrow. The arrow hits the yak!
You kill the yak!
Okawaru accepts your kill. The basilisk misses you. The yak closely misses you.
Your base Fighting skill increases to level 9!
You shoot an arrow. The arrow barely misses the yak.
The basilisk bites you! The yak completely misses you. You furiously retaliate!
You headbutt the yak. The basilisk gazes at you.
You resist with almost no effort.
You shoot an arrow. The arrow barely misses the yak.
The basilisk bites you but does no damage.
The yak gores you. The basilisk bites you!
You shoot an arrow. The arrow closely misses the yak.
The basilisk gazes at you. You resist with almost no effort.
The yak gores you but does no damage. The basilisk gazes at you.
You are slowing down.
You shoot an arrow. The arrow hits the yak!!!
You kill the yak!
Okawaru accepts your kill. The basilisk gazes at you.
You resist with almost no effort. The basilisk gazes at you.
You resist with almost no effort. The basilisk bites you!
You die...

......# P..P...
P.P.P7.
.......##
...P.....
........#######
..P...l%l......
#@# ########
#%# #<>....#
#%# #.####.#
#.# #.#
.######.#####.#
..............#
###############


You could see 2 basilisks.

Vanquished Creatures
  Grinder (D:4)
  2 wyverns (D:8)
  7 yaks
  A basilisk (D:8)
  4 water moccasins
  2 black bears
  An ice beast (D:6)
  A sky beast (D:6)
  3 ogres
  A phantom (D:6)
  2 kobold brigands (D:7)
  2 bullfrogs
  8 wights (D:7)
  6 scorpions
  2 howler monkeys
  2 quasits (D:7)
  4 hounds
  An orc priest (D:7)
  A gnoll bouda (D:6)
  2 sleepcaps
  7 orc wizards
  Natasha (thrice) (D:2)
  6 iguanas
  A statue (D:4)
  A mummy (D:5)
  4 gnolls (D:6)
  5 adders
  9 river rats (D:6)
  7 shadow imps
  6 white imps
  3 ufetubi (D:7)
  A worm (D:2)
  3 dart slugs
  13 orcs
  8 ball pythons
  6 endoplasms
  4 giant cockroaches
  3 goblins
  3 hobgoblins
  9 quokkas
  8 bats
  2 frilled lizards (D:2)
  A hobgoblin zombie (D:5)
  14 kobolds
  2 kobold zombies (D:5)
  An orc zombie (D:5)
  17 rats
200 creatures vanquished.

Notes
Turn   | Place    | Note
-------+----------+-------------------------------------------
     0 | D:1      | qw the Minotaur Hunter began the quest for the Orb.
     0 | D:1      | Reached XP level 1. HP: 18/18 MP: 0/0
     0 | D:1      | 0 ||| qw: Version: 0.2-a-117-gc6b5c8b
     0 | D:1      | 0 ||| qw: Game counter: 2664
     0 | D:1      | 0 ||| qw: Always use a shield: true
     0 | D:1      | 0 ||| qw: God list: Okawaru
     0 | D:1      | 0 ||| qw: Allow faded altars: false
     0 | D:1      | 0 ||| qw: Do Orc after D:15 true
     0 | D:1      | 0 ||| qw: Do second Lair branch before Depths: true
     0 | D:1      | 0 ||| qw: Lair rune preference: random
     0 | D:1      | 0 ||| qw: Plans: Normal
     0 | D:1      | 0 ||| PLANNING D:1-11
   409 | D:1      | Reached XP level 2. HP: 25/25 MP: 1/1
   474 | D:1      | Reached skill level 5 in Ranged Weapons
   522 | D:1      | 522 ||| UPGRADING to ring of see invisible.
   523 | D:1      | 523 ||| READING scroll labelled GOEGIW ZYMAW.
   524 | D:1      | 524 ||| DROPPING scroll of butterflies.
   573 | D:2      | 573 ||| UPGRADING to +0 ring mail.
   607 | D:2      | 607 ||| DROPPING +0 leather armour.
   618 | D:2      | Reached skill level 1 in Armour
   632 | D:2      | You fall into a shaft and drop 2 floors!
   664 | D:4      | Reached skill level 3 in Fighting
   664 | D:4      | Reached XP level 3. HP: 33/33 MP: 2/2
   670 | D:4      | 670 ||| READING scroll labelled WAETHU FISUEN.
   706 | D:2      | Noticed Natasha
   714 | D:2      | Killed Natasha
   715 | D:2      | Reached XP level 4. HP: 28/40 MP: 3/3
   811 | D:2      | Found Xebega's Antique Weapon Shoppe.
   830 | D:2      | 830 ||| READING scroll labelled YNLIW ISMANARPH.
   903 | D:2      | Noticed Natasha
   910 | D:2      | Killed Natasha
   911 | D:2      | Reached skill level 6 in Ranged Weapons
  1058 | D:2      | Noticed Natasha
  1062 | D:2      | Killed Natasha
  1063 | D:2      | Reached XP level 5. HP: 46/46 MP: 4/4
  1253 | D:2      | 1253 ||| READING scroll labelled KUX JINIYNE.
  1254 | D:2      | 1254 ||| READING scroll labelled YCVASTR REDASO.
  1255 | D:2      | 1255 ||| DRINKING 2 dark potions.
  1256 | D:2      | 1256 ||| DROPPING potion of enlightenment.
  1306 | D:2      | Identified the +7 rapier "Spider's Funeral" {flame, rPois
                  | rF+ rN+}
  1450 | D:2      | 1450 ||| READING scroll labelled CIGYG IQEDODGHI.
  1740 | D:3      | Found a transporter.
  1743 | D:3      | Noticed qw's ghost (amateur GrFi)
  1748 | D:3      | Found a transporter.
  2008 | D:3      | 2008 ||| UPGRADING to +6 ring of strength.
  2009 | D:3      | 2009 ||| READING scroll labelled INYGENG MEXU.
  2010 | D:3      | 2010 ||| DRINKING 2 orange potions.
  2015 | D:3      | 2015 ||| DRINKING 2 clear potions.
  2016 | D:3      | 2016 ||| DROPPING potion of ambrosia.
  2120 | D:4      | Found a shadowy altar of Dithmenos.
  2135 | D:4      | Reached skill level 7 in Ranged Weapons
  2301 | D:4      | Found a broken altar of Ashenzari.
  2481 | D:4      | Found an iron altar of Okawaru.
  2482 | D:4      | 2482 ||| PLANNING OKAWARU WORSHIP
  2489 | D:4      | Became a worshipper of Warmaster Okawaru
  2489 | D:4      | 2489 ||| PLANNING D:1-11
  2501 | D:4      | Found a runed translucent gate.
  2501 | D:4      | Found a runed translucent gate.
  2501 | D:4      | Found a runed translucent gate.
  2502 | D:4      | Noticed qw's ghost (amateur MiHu)
  2502 | D:4      | Noticed qw's ghost (amateur MiHu)
  2503 | D:4      | Noticed qw's ghost (amateur GrFi)
  2503 | D:4      | Noticed qw's ghost (amateur GrFi)
  2535 | D:4      | Reached XP level 6. HP: 52/52 MP: 5/5
  2688 | D:4      | Found a radiant altar of Vehumet.
  2694 | D:4      | HP: 8/52 [ogre/+0 giant spiked club (33)]
  2695 | D:4      | 2695 ||| READING scroll of teleportation.
  3013 | D:4      | HP: 12/52 [ogre/+0 giant spiked club (20)]
  3016 | D:4      | Reached skill level 8 in Ranged Weapons
  3309 | D:4      | 3309 ||| UPGRADING to ring of protection from fire.
  3334 | D:5      | Entered Level 5 of the Dungeon
  3365 | D:5      | Noticed Grinder
  3373 | D:5      | 3373 ||| FLEEEEING.
  3374 | D:5      | 3374 ||| FLEEEEING.
  3377 | D:5      | 3377 ||| FLEEEEING.
  3381 | D:5      | 3381 ||| FLEEEEING.
  3382 | D:5      | 3382 ||| FLEEEEING.
  3383 | D:5      | 3383 ||| FLEEEEING.
  3384 | D:5      | 3384 ||| FLEEEEING.
  3385 | D:5      | 3385 ||| FLEEEEING.
  3386 | D:5      | 3386 ||| FLEEEEING.
  3387 | D:5      | 3387 ||| FLEEEEING.
  3391 | D:5      | 3391 ||| STAIRDANCE
  3517 | D:5      | 3517 ||| STAIRDANCE
  3585 | D:5      | 3585 ||| STAIRDANCE
  3593 | D:4      | Killed Grinder
  3593 | D:4      | Reached * piety under Okawaru
  3594 | D:4      | Reached skill level 6 in Fighting
  3594 | D:4      | Reached XP level 7. HP: 38/63 MP: 6/6
  3771 | D:5      | 3771 ||| INVOKING Heroism.
  3804 | D:5      | Reached skill level 3 in Dodging
  3953 | D:5      | 3953 ||| FLEEEEING.
  3954 | D:5      | 3954 ||| FLEEEEING.
  3956 | D:5      | 3956 ||| FLEEEEING.
  3957 | D:5      | 3957 ||| FLEEEEING.
  3959 | D:5      | 3959 ||| FLEEEEING.
  3960 | D:5      | 3960 ||| FLEEEEING.
  3961 | D:5      | 3961 ||| FLEEEEING.
  3962 | D:5      | 3962 ||| FLEEEEING.
  3963 | D:5      | 3963 ||| FLEEEEING.
  3964 | D:5      | 3964 ||| FLEEEEING.
  3967 | D:5      | 3967 ||| STAIRDANCE
  4091 | D:4      | 4091 ||| UPGRADING to +1 robe of willpower.
  4101 | D:4      | 4101 ||| READING scroll labelled WELLIK VYG PUOM.
  4135 | D:5      | HP: 11/63 [ogre/+0 giant club (14)]
  4278 | D:5      | 4278 ||| FLEEEEING.
  4279 | D:5      | 4279 ||| STAIRDANCE
  4385 | D:5      | 4385 ||| INVOKING Heroism.
  4389 | D:5      | Reached skill level 1 in Invocations
  4389 | D:5      | HP: 15/63 [poisoned by a scorpion]
  4394 | D:5      | HP: 10/63 [poisoned by a scorpion]
  4468 | D:5      | 4468 ||| FLEEEEING.
  4475 | D:5      | 4475 ||| STAIRDANCE
  4697 | D:5      | 4697 ||| INVOKING Heroism.
  4712 | D:5      | 4712 ||| INVOKING Heroism.
  4726 | D:5      | Reached skill level 9 in Ranged Weapons
  4726 | D:5      | Reached XP level 8. HP: 70/70 MP: 5/8
  5071 | D:5      | Found a white marble altar of Elyvilon.
  5339 | D:5      | 5339 ||| UPGRADING to scarf of repulsion.
  5344 | D:5      | 5344 ||| DRINKING 2 inky potions.
  5345 | D:5      | 5345 ||| DROPPING potion of attraction.
  5658 | D:6      | Reached skill level 3 in Invocations
  5747 | D:6      | 5747 ||| FLEEEEING.
  5832 | D:6      | 5832 ||| INVOKING Heroism.
  5898 | D:6      | 5898 ||| INVOKING Heroism.
  5910 | D:6      | Reached skill level 10 in Ranged Weapons
  5947 | D:6      | 5947 ||| FLEEEEING.
  5953 | D:6      | 5953 ||| INVOKING Heroism.
  6019 | D:6      | 6019 ||| INVOKING Heroism.
  6042 | D:6      | HP: 9/71 [gnoll/+0 spear[a gnoll bouda] (10)]
  6048 | D:6      | 6048 ||| INVOKING Heroism.
  6431 | D:6      | 6431 ||| INVOKING Heroism.
  6595 | D:6      | 6595 ||| INVOKING Heroism.
  6597 | D:6      | Reached XP level 9. HP: 71/79 MP: 8/11
  6716 | D:6      | 6716 ||| READING scroll labelled MEREG VATTALOE.
  6717 | D:6      | 6717 ||| DRINKING 2 yellow potions.
  6718 | D:6      | 6718 ||| READING 4 scrolls of identify.
  6718 | D:6      | 6718 ||| IDENTIFYING fuming cyan potion
  6719 | D:6      | 6719 ||| READING 3 scrolls of identify.
  6719 | D:6      | 6719 ||| IDENTIFYING emerald potion
  6720 | D:6      | 6720 ||| READING 2 scrolls of identify.
  6720 | D:6      | 6720 ||| IDENTIFYING purple potion
  6721 | D:6      | 6721 ||| DROPPING potion of berserk rage.
  6722 | D:6      | 6722 ||| DROPPING potion of degeneration.
  6757 | D:7      | 6757 ||| FLEEEEING.
  6761 | D:7      | 6761 ||| STAIRDANCE
  6802 | D:7      | Found a staircase to the Ecumenical Temple.
  6809 | D:7      | 6809 ||| INVOKING Heroism.
  6812 | D:7      | Reached skill level 11 in Ranged Weapons
  6814 | D:7      | 6814 ||| Stepping ~*~*~tactically~*~*~ (outnumbered).
  6826 | D:7      | 6826 ||| FLEEEEING.
  6830 | D:7      | 6830 ||| STAIRDANCE
  7006 | D:7      | 7006 ||| INVOKING Heroism.
  7203 | D:7      | Found Kexzyss's Jewellery Shoppe.
  7205 | D:7      | 7205 ||| SHOPLISTING +6 ring of dexterity (504 gold, have
                  | 312).
  7205 | D:7      | 7205 ||| SHOPLISTING ring "Enkuehyn" {*Corrode Fly rF+ MP+9
                  | Dex+4} (544 gold, have 312).
  7205 | D:7      | 7205 ||| SHOPLISTING ring of Kupoid {Contam Fly rElec Will+
                  | Str+5} (588 gold, have 312).
  7205 | D:7      | 7205 ||| SHOPLISTING ring of protection from cold (350
                  | gold, have 312).
  7205 | D:7      | 7205 ||| BUYING ring of resist corrosion (280 gold).
  7205 | D:7      | Bought a ring of resist corrosion for 280 gold pieces
  7242 | D:7      | Found a shimmering altar of Xom.
  7250 | D:7      | Found a blossoming altar of Fedhas.
  7278 | D:7      | 7278 ||| Stepping ~*~*~tactically~*~*~ (outnumbered).
  7383 | D:7      | 7383 ||| INVOKING Heroism.
  7395 | D:7      | 7395 ||| INVOKING Heroism.
  7397 | D:7      | HP: 17/79 [yak (5)]
  7398 | D:7      | 7398 ||| DRINKING potion of heal wounds.
  7402 | D:7      | Reached skill level 12 in Ranged Weapons
  7402 | D:7      | 7402 ||| FLEEEEING.
  7403 | D:7      | 7403 ||| FLEEEEING.
  7404 | D:7      | 7404 ||| FLEEEEING.
  7405 | D:7      | 7405 ||| FLEEEEING.
  7406 | D:7      | 7406 ||| FLEEEEING.
  7407 | D:7      | 7407 ||| FLEEEEING.
  7414 | D:7      | 7414 ||| INVOKING Heroism.
  7698 | D:7      | 7698 ||| Stepping ~*~*~tactically~*~*~ (outnumbered).
  8048 | D:7      | Found a shimmering blue altar of Sif Muna.
  8103 | D:7      | Reached skill level 6 in Dodging
  8233 | D:7      | 8233 ||| UPGRADING to +0 pair of boots.
  8238 | D:7      | 8238 ||| DROPPING ring of see invisible.
  8239 | D:7      | 8239 ||| DROPPING ring of positive energy.
  8240 | D:7      | 8240 ||| DROPPING ring of resist corrosion.
  8241 | D:7      | 8241 ||| UPGRADING to +4 ring of protection.
  8299 | D:8      | Reached ** piety under Okawaru
  8307 | D:8      | 8307 ||| INVOKING Heroism.
  8309 | D:8      | Reached XP level 10. HP: 48/88 MP: 9/12
  8319 | D:8      | HP: 22/88 [poisoned by a water moccasin]
  8519 | D:8      | Reached skill level 13 in Ranged Weapons
  8529 | D:8      | 8529 ||| INVOKING Heroism.
  8536 | D:8      | Reached skill level 9 in Fighting
  8536 | D:8      | HP: 17/91 [basilisk (13)]
  8537 | D:8      | HP: 5/91 [basilisk (10)]
  8539 | D:8      | Slain by a basilisk

Levels and vault maps discovered:
D:1:      co_arrival_square_in_a_square_in_a_square, layout_rooms,
          roderic_lattice_a
D:2:      minmay_inner_zag, layout_loops_ring, serial_shops,
          nicolae_shop_temple_entry_statues_fountains, uniq_natasha
D:3:      layout_loops_ring, gammafunk_ghost_arena
D:4:      layout_loops_corners, grunt_dithmenos_smoke, vehumet_statue,
          grunt_temple_overflow_open, gammafunk_ghost_cemetery
D:5:      layout_gridville, elyvilon_altar_3, roderic_serpentine_path,
          minmay_misc_feat_room, minmay_mini_ossuary, uniq_grinder
D:6:      lemuel_ratsnest, layout_basic
D:7:      layout_basic, lemuel_crystal_altar, led_sif_book, fedhas_altar_3,
          minmay_temple_entry_sparse_star, serial_shops,
          nicolae_shop_gaudy_bauble, serial_demonic, serial_demonic_d,
          serial_demonic_d, serial_demonic_e, serial_demonic_d
D:8:      minmay_the_grid_plus [minmay_the_grid_all_tris,
          minmay_the_grid_gridbox, minmay_the_grid_box_x,
          minmay_the_grid_broken_lines, minmay_the_grid_prize_four_corners],
          layout_loops_ring, lemuel_mausoleum_altar_kikubaaqudgha, bloody_trog,
          minmay_lair_entry_grove, serial_rivers,
          chequers_serial_rivers_micro_d, chequers_serial_rivers_micro_e,
          chequers_serial_rivers_micro_a, chequers_serial_rivers_micro_d,
          palyth_stone_intersect

Skill      XL: |  1  2  3  4  5  6  7  8  9 10 |
---------------+-------------------------------+-----
Ranged Weapons | 5 6 7 8 9 10 12 13 | 13.0
Armour         | 1 |  1.5
Fighting       | 3 4 6 7 8 9 |  9.2
Dodging        | 3 4 6 |  6.0
Invocations    | 1 4 |  4.0
Stealth        | |  0.7

Action                     |  1- 3 |  4- 6 |  7- 9 | 10-12 || total
---------------------------+-------+-------+-------+-------++-------
   Fire: Shortbow          |    69 |   165 |   464 |    28 ||   726
 Invoke: Heroism           |       |       |    17 |     1 ||    18
    Use: Scroll            |     2 |     6 |     5 |       ||    13
         Potion            |       |     3 |     3 |       ||     6
 Armour: Leather armour    |     8 |       |       |       ||     8
         Ring mail         |     1 |    11 |    14 |       ||    26
         Robe              |       |       |    40 |     7 ||    47
  Dodge: Dodged            |    23 |    25 |   179 |    25 ||   252
         Repelled          |       |       |     2 |       ||     2

Table legend:
 A = Non-vault XP
 B = Vault XP
 C = Vault XP percentage of total XP
 D = Non-vault monster count
 E = Vault monster count
 F = Vault count percentage of total count
                 A         B        C        D         E       F
            +---------+---------+-------+---------+---------+-------
      Total |    4237 |    2842 |  40.1 |     131 |      69 |  34.5
            +---------+---------+-------+---------+---------+-------
        D:1 |      16 |       0 |   0.0 |      11 |       0 |   0.0
        D:2 |     129 |      59 |  31.4 |      20 |       6 |  23.1
        D:3 |      16 |       0 |   0.0 |      11 |       0 |   0.0
        D:4 |     384 |     309 |  44.6 |      14 |       2 |  12.5
        D:5 |     654 |      25 |   3.7 |      20 |       5 |  20.0
        D:6 |     929 |     466 |  33.4 |      21 |      33 |  61.1
        D:7 |    2109 |     249 |  10.6 |      34 |      13 |  27.7
        D:8 |       0 |    1734 | 100.0 |       0 |      10 | 100.0
            +---------+---------+-------+---------+---------+-------
